 Dungeon Crawl Stone Soup version 0.23.1 (webtiles) character file.

Game seed: 16370649916792153644

7 Borgoz the Sneak (level 2, -1/22 HPs)
             Began as a Ghoul Enchanter on Mar 2, 2019.
             Slain by a kobold
             ... wielding a +0 whip
              (4 damage)
             ... on level 1 of the Dungeon.
             The game lasted 00:00:57 (131 turns).

Borgoz the Sneak (Ghoul Enchanter)                   Turns: 131, Time: 00:00:58

Health: -1/22      AC:  2    Str: 11    XL:     2   Next: 0%
Magic:  3/3        EV: 12    Int: 10    God:
Gold:   0          SH:  0    Dex:  9    Spells: 3/4 levels left

rFire    . . .     SeeInvis .   a - +1 dagger
rCold    + . .     Gourm    .   (no shield)
rNeg     + + +     Faith    .   b - +0 robe
rPois    ∞         Spirit   .   (no helmet)
rElec    .         Reflect  .   (no cloak)
rCorr    .         Harm     .   (no gloves)
MR       .....                  (no boots)
Stlth    ++........             (no amulet)
HPRegen  0.00/turn              (no ring)
MPRegen  0.08/turn              (no ring)

@: rotting
A: rotting body, claws 1, carnivore, cold resistance 1, negative energy
resistance 3, inhibited regeneration, torment resistance, unbreathing
a: no special abilities


You were on level 1 of the Dungeon.
You were not hungry.

You visited 1 branch of the dungeon, and saw 1 of its levels.

Inventory:

Hand Weapons
 a - a +1 dagger (weapon)
Armour
 b - a +0 robe (worn)
Scrolls
 c - a scroll of identify {unknown}
Comestibles
 d - a ration
 f - 3 chunks of flesh


   Skills:
 + Level 0.3 Fighting
 * Level 1.2 Short Blades
 + Level 0.2 Armour
 * Level 2.0 Dodging
 - Level 3.2 Stealth
 - Level 1.7 Spellcasting
 - Level 2.4 Hexes


You had 3 spell levels left.
You knew the following spells:

 Your Spells              Type           Power        Failure   Level  Hunger
a - Corona                Hex            #......      12%         1    ##.....

Your spell library contained the following spells:

 Spells                   Type           Power        Failure   Level  Hunger
 Ensorcelled Hibernation  Hex/Ice        #.....       30%         2    ###....
 Confuse                  Hex            #.......     34%         3    ####...
 Tukima's Dance           Hex            #.......     34%         3    ####...
 Dazzling Spray           Conj/Hex       #.....       52%         3    ####...


Dungeon Overview and Level Annotations

Branches:
Dungeon (1/15)

Altars:


Innate Abilities, Weirdness & Mutations

Your body is rotting away.
You thrive on raw meat.
You are immune to poison.
You have sharp fingernails.
You are carnivorous and can eat meat at any time.
Your flesh is cold resistant. (rC+)
You are immune to negative energy. (rN+++)
You do not regenerate when monsters are visible.
You are immune to unholy pain and torment.
You can survive without breathing.


Message History

A frilled lizard comes into view.
You see here a +0 dagger.
A kobold comes into view. It is wielding a +0 whip.
The kobold shouts!
A giant cockroach comes into view.
There are monsters nearby!
You see here a +0 dagger.
There is an open door here.
You feel your flesh rotting away.
You start resting.
Eating one of 4 chunks of flesh.
You eat one of the 4 chunks of flesh.
You feel more resilient.
This raw flesh tastes great!
The kobold is too close now for your liking.
The kobold shouts!
You barely miss the kobold. The kobold hits you with a +0 whip.
You miss the kobold. The kobold hits you with a +0 whip.
* * * LOW HITPOINT WARNING * * *
You closely miss the kobold. The kobold barely misses you.
You closely miss the kobold. The kobold hits you with a +0 whip.
You die...

#....#.)...K...s#
#....#.#####.##..
#....'.############
#....####....<....#
#....# #.........#..
#....# #.........#.#
#....# #..#...#..#.#
#....# #.........#.#
#....# #@........#.#
#....####K.#...#..#.#
#.......#.........#.#
#....##.....§.≈.....#
#######.#..#.8.#..#.#
#.#.........#.#
#.####+#+####.#
#..'(+.#.'÷'..#
##.###.#.######


You could see a kobold.

Vanquished Creatures
  A dart slug (D:1)
  A goblin (D:1)
  2 kobolds (D:1)
4 creatures vanquished.

Notes
Turn   | Place    | Note
-------+----------+-------------------------------------------
     0 | D:1      | Borgoz the Ghoul Enchanter began the quest for the Orb.
     0 | D:1      | Reached XP level 1. HP: 14/14 MP: 2/2
    15 | D:1      | Reached skill level 1 in Short Blades
    72 | D:1      | Reached XP level 2. HP: 4/22 MP: 3/3
   131 | D:1      | Slain by a kobold

Skill      XL: |  1 |
---------------+----+-----
Short Blades   | 1 |  1.2
Dodging        | 2 |  2.0
Fighting       | |  0.3
Armour         | |  0.2
Stealth        | |  3.2
Spellcasting   | |  1.7
Hexes          | |  2.4

Action                   || total
-------------------------++-------
Melee: Dagger            ||    20
 Stab: Sleeping          ||     1
  Eat: Chunk             ||     1
Armor: Robe              ||     2
Dodge: Dodged            ||     6
